 Dungeon Crawl Stone Soup version 0.18.1-48-g4cf74bf (console) character file.

95 Kloppie the Skirmisher (level 4, -3/40 HPs)
             Began as a Centaur Berserker on Aug 2, 2016.
             Was a Believer of Trog.
             Slain by a gnoll
             ... wielding a +0 halberd
              (14 damage)
             ... on level 2 of the Dungeon.
             The game lasted 00:02:16 (1354 turns).

Kloppie the Skirmisher (Centaur Berserker)          Turns: 1354, Time: 00:02:16

Health: -3/40      AC:  4    Str: 20    XL:     4   Next: 39%
Magic:  4/4        EV:  9    Int:  6    God:    Trog [**....]
Gold:   65         SH:  0    Dex:  9    Spells: 0 memorised, 3 levels left

rFire  . . .     SeeInvis .     a - +0 spear
rCold  . . .     Gourm    .     b - +0 animal skin
rNeg   . . .     Faith    .     (no shield)
rPois  .         Spirit   .     (no helmet)
rElec  .         Dismiss  .     (no cloak)
rCorr  .         Reflect  .     (no gloves)
SustAt .         Harm     .     (no barding)
MR     .....                    (no amulet)
Stlth  +.........               (no ring)
                                (no ring)

@: exhausted, slowed, not resistant to hostile enchantments, very unstealthy
A: hooves 3, deformed body, speed 2, tough skin 3
a: Berserk, Trog's Hand, Burn Spellbooks, Renounce Religion


You were on level 2 of the Dungeon.
You worshipped Trog.
Trog was pleased with you.
You were not hungry.

You visited 1 branch of the dungeon, and saw 2 of its levels.

You collected 65 gold pieces.

Inventory:

Hand Weapons
 a - a +0 spear (weapon)
Missiles
 m - 8 curare-tipped needles
Armour
 b - a +0 animal skin (worn)
Scrolls
 e - a scroll of enchant armour {unknown}
 f - 2 scrolls of amnesia {unknown}
 g - 3 scrolls of identify {unknown}
 i - a scroll of noise {unknown}
 l - a scroll of enchant weapon {unknown}
 p - 2 scrolls of blinking {unknown}
Potions
 c - 2 potions of ambrosia {unknown}
 h - 3 potions of curing {unknown}
 j - a potion of degeneration {unknown}
 k - 2 potions of heal wounds {unknown}
Comestibles
 d - a meat ration
 n - a beef jerky
 o - a bread ration
 q - 4 chunks of flesh


   Skills:
 + Level 4.1 Fighting
 + Level 3.9 Polearms
 - Level 1.3 Armour
 - Level 1.3 Dodging


You had 3 spell levels left.
You didn't know any spells.

Dungeon Overview and Level Annotations

Branches:
Dungeon (2/15)

Altars:


Innate Abilities, Weirdness & Mutations

You have hooves in place of feet.
Armour fits poorly on your strangely shaped body.
You cover ground very quickly.
You have extremely tough skin (AC +3).


Message History

Items here: )) [[ a dagger; a spear; a leather armour; a helmet You start resting.
Attack whom?
Press: ? - help, Dir - move target cursor, f - goblin
Aim: a goblin, wielding a club (hasn't noticed you)
You reach to attack!
You catch the helpless goblin momentarily off-guard.
You hit the goblin.
The goblin is moderately wounded.
A gnoll comes into view. It is wielding a halberd.
The gnoll shouts!
You hear a shout! x2
Things that are here:
a club x3
A gnoll comes into view. It is wielding a club.
The gnoll shouts!
The gnoll barely misses you.
A gnoll comes into view.
The gnoll hits you with a halberd!
You die...

#########
#..).)g@##
#)#####g.#
♣ ##.# #.##
#..#
##.########
#gg.......
#......###
#.........


You could see 3 gnolls and a goblin.

Vanquished Creatures
  Robin (D:2)
  3 gnolls
  An adder (D:2)
  4 dart slugs (D:1)
  A giant gecko (D:1)
  10 goblins
  4 hobgoblins
  A ball python (D:1)
  5 bats
  3 giant newts (D:1)
  5 rats (D:1)
38 creatures vanquished.

Notes
Turn   | Place    | Note
--------------------------------------------------------------
     0 | D:1      | Kloppie the Centaur Berserker began the quest for the Orb.
     0 | D:1      | Reached XP level 1. HP: 19/19 MP: 1/1
   272 | D:1      | Reached XP level 2. HP: 26/26 MP: 2/2
   616 | D:2      | Noticed Robin
   640 | D:1      | Reached XP level 3. HP: 19/31 MP: 3/3
   644 | D:1      | Reached ** piety under Trog
  1041 | D:2      | Reached skill level 4 in Fighting
  1041 | D:2      | Reached XP level 4. HP: 18/40 MP: 4/4
  1327 | D:2      | Killed Robin
  1354 | D:2      | Slain by a gnoll

Skill      XL: |  1  2  3 |
---------------+----------+-----
Polearms       | 3 |  3.9
Fighting       | 4 |  4.1
Armour         | |  1.3
Dodging        | |  1.3

Action                   |  1- 3 |  4- 6 || total
-------------------------+-------+-------++-------
Melee: Spear             |    92 |    23 ||   115
       Kick              |    14 |     3 ||    17
Invok: Berserk           |     3 |     1 ||     4
 Stab: Distracted        |       |     1 ||     1
  Eat: Bread ration      |     1 |       ||     1
Armor: Animal skin       |    21 |     4 ||    25
Dodge: Dodged            |    37 |     4 ||    41
